 Dungeon Crawl Stone Soup version 0.32-a0-391-gce5c0aab1b (webtiles) character file.

Game seed: 441504358125359531

205 shadowstone the Insei (level 5, -5/24 HPs)
             Began as an Octopode Shapeshifter on Feb 19, 2024.
             Was a Follower of Cheibriados.
             Slain by a gnoll
             ... wielding a +0 flail
              (10 damage)
             ... on level 3 of the Dungeon.
             The game lasted 00:08:27 (2263 turns).

shadowstone the Insei (Octopode Shapeshifter)       Turns: 2263, Time: 00:08:27

Health: -5/24      AC:  1    Str: 16    XL:     5   Next: 83%
Magic:  14/14      EV: 18    Int: 16    God:    Cheibriados [*.....]
Gold:   118        SH:  0    Dex: 16    Spells: 4/4 levels left

rFire   . .          .
                       - Unarmed
rCold   . . .        (shield currently unavailable)
rNeg    . . .        (helmet restricted)
rPois   .            v - amulet of magic regeneration
rElec   .            p - ring of magical power
rCorr   .            l - +4 ring of slaying
SInv    .            (no ring)
Will    .....        (no ring)
Stlth   ++           (no ring)
HPRegen 0.24/turn    (no ring)
MPRegen 0.54/turn    (no ring)
                     (no ring)

%: no passive effects
@: flux-form, glowing, very slow
A: glow, contaminating, reduced hp, almost no armour, amphibious, 8 rings,
camouflage 1, gelatinous body 1, (nimble swimmer 1), tentacles
a: Begin Untransformation, Renounce Religion, Bend Time


You were on level 3 of the Dungeon.
You worshipped Cheibriados.
Cheibriados was aware of your devotion.
You were something dangerously unstable.
You visited 1 branch of the dungeon, and saw 3 of its levels.

You collected 118 gold pieces.

Inventory:

Missiles
 s - 2 throwing nets
Jewellery
 l - a +4 ring of slaying (right tentacle)
 p - a ring of magical power (left tentacle)
 v - an amulet of magic regeneration (around mantle)
Talismans
 b - a beast talisman
 c - a flux talisman (active)
 g - a beast talisman
Wands
 m - a wand of mindburst (1)
Scrolls
 j - a scroll of identify (quivered)
 n - a scroll of blinking
 t - a scroll of silence {unknown}
 u - a scroll of enchant armour {unknown}
Potions
 a - a potion of lignification
 d - 2 potions of ambrosia {unknown}
 e - a potion of magic {unknown}
 f - a potion of heal wounds {unknown}
 i - a potion of might {unknown}
 k - a potion of mutation {unknown}
 o - 3 potions of curing {unknown}
 r - a potion of berserk rage {unknown}


   Skills:
 + Level 1.6 Fighting
 + Level 2.9 Dodging
 + Level 2.1 Stealth
 + Level 4.4 Unarmed Combat
 + Level 0.4 Evocations
 + Level 4.0 Shapeshifting


You had 4 spell levels left.
You didn't know any spells.
Your spell library contained the following spells:

 Spells                   Type           Power      Damage    Failure   Level
 Shock                    Conj/Air       0%         1d3       26%         1
 Jinxbite                 Hex            0%         N/A       36%         2
 Sublimation of Blood     Necr           0%         N/A       36%         2
 Inner Flame              Hex/Fire       0%         N/A       58%         3
 Swiftness                Air            0%         N/A       58%         3
 Airstrike                Air            0%         2d(0-16)  94%         4
 Flame Wave               Conj/Fire      0%         2d4       94%         4
 Petrify                  Alch/Erth      0%         N/A       94%         4
 Sticky Flame             Fire/Alch      0%         2d4       94%         4
 Irradiate                Conj/Alch      0%         3d11      100%        5
 Yara's Violent Unravell  Hex/Alch       0%         3d3       100%        5
 Enfeeble                 Hex            0%         N/A       100%        7


Dungeon Overview and Level Annotations

Branches:
Dungeon (3/15)

Altars:
Cheibriados

Shops:
D:2 =


Innate Abilities, Weirdness & Mutations

You are something dangerously unstable.
You glow with magical radiation, making you easy to see and hit.
Foes you strike become dangerously contaminated with magical radiation.
Your maximum health is decreased, since you lack skill for your form.
You are incapable of wielding weapons or throwing items.
You cannot wear most types of armour.
You are amphibious.
You can wear up to eight rings at the same time.
Your skin changes colour to match your surroundings (Stealth+).
Your rubbery body absorbs attacks. (AC +1, EV +1)
((You are camouflaged when in or above water. (Stealth+)))
You have tentacles for arms and can constrict up to eight enemies at once.


Message History

You can't wield anything in your present form.
You can't wield anything in your present form.
As you read the scroll labelled LEEL DIMULOWKOLL, it crumbles to dust.
It is a scroll of identify.
n - a scroll of blinking
As you read the scroll labelled DOMILI SEFIOBB, it crumbles to dust.
You hear a loud clanging noise!
It was a scroll of noise.
You hear an angry hiss.
You hear a shout! x3; You hear an angry hiss.
A gnoll comes into view. It is wielding a +0 spear.
Found a scroll of blinking.
A gnoll comes into view. It is wielding a +0 spear.
The gnoll shouts!
The gnoll misses you.
A ball python comes into view.
A gnoll comes into view. It is wielding a +0 flail.
The gnoll closely misses you.
An adder comes into view.
The adder hisses angrily.
You hear an angry hiss.
A bat comes into view.
An endoplasm comes into view.
The gnoll misses you.
The gnoll hits you from afar with a +0 spear!
The gnoll shouts!
The gnoll closely misses you. The gnoll misses you.
You tentacle-slap the gnoll.
The gnoll begins to glow.
You grab the gnoll. You squeeze the gnoll!
You kill the gnoll!
Cheibriados appreciates the change of pace.
The gnoll hits you with a +0 flail! The gnoll closely misses you.
You bludgeon the ball python!
You kill the ball python!
Cheibriados appreciates the change of pace.
The adder bites you but does no damage. The gnoll hits you with a +0 flail.
* * * LOW HITPOINT WARNING * * *
The gnoll misses you. The adder barely misses you. The endoplasm hits you.
* * * LOW HITPOINT WARNING * * *
The gnoll hits you with a +0 flail!
You die...
Cheibriados appreciates the motionlessness of death.

#####..###
.........#
.....?....
.........## #
.......... #..
.........##...#
#......J.......
#.....gpS# #
#.#####.### #. #.
#.#.....g.#
#..#.###.#.###.#.#
#..........# #.#.#
#........#####.#.#
.##.##..>........
#. #.##.###.......
#.##.##.###.##.####
#


You could see 2 gnolls, an adder and an endoplasm.

Vanquished Creatures
  A sleepcap (D:3)
  Jessica (D:2)
  Robin (D:2)
  4 gnolls
  2 ribbon worms (D:2)
  A dart slug (D:1)
  5 ball pythons
  3 endoplasms
  3 giant cockroaches
  8 goblins (D:2)
  5 hobgoblins
  3 quokkas (D:2)
  8 bats
  3 frilled lizards
  5 kobolds
  3 rats
  A spectral kobold (D:2)
57 creatures vanquished.

Notes
Turn   | Place    | Note
-------+----------+-------------------------------------------
     0 | D:1      | shadowstone the Octopode Shapeshifter began the quest for
                  | the Orb.
     0 | D:1      | Reached XP level 1. HP: 13/13 MP: 1/1
   174 | D:1      | Reached XP level 2. HP: 11/18 MP: 2/2
   529 | D:1      | Reached skill level 1 in Stealth
   844 | D:2      | Reached XP level 3. HP: 15/23 MP: 3/3
  1481 | D:2      | Reached XP level 4. HP: 15/28 MP: 4/4
  1710 | D:2      | Found Ohymink's Jewellery Boutique.
  1837 | D:2      | Noticed Robin
  1843 | D:2      | Killed Robin
  1844 | D:2      | Reached XP level 5. HP: 19/33 MP: 5/5
  1920 | D:2      | Found a faded altar of an unknown god.
  1933 | D:2      | Prayed at the altar of an unknown god.
  1933 | D:2      | Became a worshipper of Cheibriados the Contemplative
  1933 | D:2      | Reached * piety under Cheibriados
  2036 | D:2      | Noticed Jessica
  2044 | D:2      | Killed Jessica
  2263 | D:3      | Slain by a gnoll

Illustrated notes

Levels and vault maps discovered:
D:1:      mushboom_english_gardens, layout_loops_ring
D:2:      layout_loops_corners, dreamdust_ecumenical_altar_drowned_temple,
          serial_shops, nicolae_shop_just_a_little_nook,
          kennysheep_jessica_study, uniq_robin
D:3:      lemuel_castle_with_subvaults [lemuel_castle_interior_carwin_3],
          layout_loops_ring, uniq_crazy_yiuf_cottage

Skill      XL: |  1  2  3  4  5 |
---------------+----------------+-----
Stealth        | 1 2 |  2.1
Unarmed Combat | 4 |  4.4
Shapeshifting  | 4 |  4.0
Fighting       | |  1.6
Dodging        | |  2.9
Evocations     | |  0.4

Action                     |  1- 3 |  4- 6 || total
---------------------------+-------+-------++-------
  Melee: Unarmed           |    73 |    40 ||   113
         Constrict         |    20 |    15 ||    35
         Tentacles         |    16 |    15 ||    31
  Evoke: Wand              |       |     6 ||     6
    Use: Scroll            |       |     3 ||     3
   Stab: Sleeping          |     2 |       ||     2
 Armour: Skin              |    34 |    19 ||    53
  Dodge: Dodged            |    62 |    48 ||   110
   Form: Flux              |     1 |       ||     1

Table legend: (Time is in decaauts)
 A = Elapsed time spent in this place.
 B = Non-inter-level travel time spent in this place.
 C = Inter-level travel time spent in this place.
 D = Time resting spent in this place.
 E = Time spent auto-exploring this place.
 F = Levels seen in this place.
 G = Mean time per level.
                   A        B        C        D        E       F      G
               +--------+--------+--------+--------+--------+-----+--------+
         Total |   2368 |   2245 |    123 |    251 |   1091 |   3 |  789.3 |
       Dungeon |   2368 |   2245 |    123 |    251 |   1091 |   3 |  789.3 |
               +--------+--------+--------+--------+--------+-----+--------+

Top non-repeatable levels by time:
     D:2: 1372 daAuts
     D:1: 834 daAuts
     D:3: 162 daAuts
